 Dungeon Crawl Stone Soup version 0.29.1-15-g9cfb28693d (webtiles) character file.

Game seed: 2497574737254484686

92 Descartes the Shield-Bearer (level 4, -2/30 (37) HPs)
             Began as a Formicid Fighter on Apr 6, 2023.
             Killed from afar by an orc wizard (4 damage)
             ... with a magic dart
             ... on level 3 of the Dungeon.
             The game lasted 00:05:34 (2425 turns).

Descartes the Shield-Bearer (Formicid Fighter)      Turns: 2425, Time: 00:05:34

HP:   -2/30 (37)    AC:  9    Str: 19 (22) XL:     4   Next: 90%
MP:   4/4           EV:  9    Int:  6 (8)  God:
Gold: 124           SH:  0    Dex: 12 (13) Spells: 3/3 levels left

rFire   . . .      SeeInvis +   a - +0 war axe
rCold   . . .      Faith    .   c - +0 buckler
rNeg    . . .      Spirit   .   b - +0 scale mail
rPois   .          Reflect  .   (helmet unavailable)
rElec   .          Harm     .   (no cloak)
rCorr   .          Rampage  .   (no gloves)
Will    .....                   (no boots)
Stlth   ..........              (no amulet)
HPRegen 0.10/turn               (no ring)
MPRegen 0.09/turn               (no ring)

@: confused, mighty, brilliant, heavily drained
A: permanent stasis, dig shafts and tunnels, antennae 3, four strong arms,
iridescent scales 1, sense surroundings 1
a: Dig, Shaft Self


You were on level 3 of the Dungeon.
You visited 1 branch of the dungeon, and saw 3 of its levels.

You collected 124 gold pieces.

Inventory:

Hand Weapons
 a - a +0 war axe (weapon)
Armour
 b - a +0 scale mail (worn)
 c - a +0 buckler (worn)
Scrolls
 e - 3 scrolls of teleportation {unknown}
 g - 2 scrolls of identify {unknown}
 h - a scroll of amnesia {unknown}
 i - 2 scrolls of vulnerability {unknown}
 j - a scroll of enchant armour {unknown}
Potions
 f - a potion of brilliance
 k - a potion of mutation


   Skills:
 + Level 3.9 Fighting
 + Level 2.7 Axes
 + Level 3.9 Armour
 + Level 4.7 Shields
 + Level 1.3 Earth Magic


You had 3 spell levels left.
You didn't know any spells.
Your spell library contained the following spells:

 Spells                   Type           Power      Damage    Failure   Level
 Ensorcelled Hibernation  Hex/Ice        0%         N/A       95%         2
 Spider Form              Tmut/Pois      0%         N/A       99%         3
 Anguish                  Hex/Necr       0%         N/A       100%        4
 Summon Forest            Summ/Tloc      0%         N/A       100%        5
 Eringya's Noxious Bog    Tmut/Pois      0%         N/A       100%        6
 Summon Hydra             Summ           0%         N/A       100%        7


Dungeon Overview and Level Annotations

Branches:
Dungeon (3/15)

Altars:
Cheibriados


Innate Abilities, Weirdness & Mutations

You cannot be hasted, slowed, berserked, paralysed or teleported.
You can dig through walls and to a lower floor.
You have a pair of large antennae on your head. (SInv)
Your four strong arms can wield two-handed weapons with a shield.
You are partially covered in iridescent scales. (AC +2)
You passively map a small area around you.


Message History

You feel clever all of a sudden. The orc hits you but does no damage.
It was a potion of mutation.
You feel extremely strange.
Iridescent scales grow over part of your body.
You feel a strange attunement to the structure of the dungeons.
The orc hits you but does no damage.
You slash the orc!
You kill the orc!
You barely miss the goblin. The goblin barely misses you.
The goblin hits you but does no damage.
Unknown command.
You slash the goblin!
You kill the goblin!
You barely miss the orc wizard.
The orc wizard hits you but does no damage.
You barely miss the orc wizard.
The orc wizard hits you with a +0 dagger.
* * * LOW HITPOINT WARNING * * *
The orc wizard hits you with a +0 dagger.
* * * LOW HITPOINT WARNING * * *
Unknown command.
You slash the orc wizard!
The orc wizard is almost dead.
The orc wizard casts a spell.
The orc wizard flickers and vanishes for a moment.
You barely miss the orc wizard.
The orc wizard is almost dead.
The orc wizard hits you with a +0 dagger.
* * * LOW HITPOINT WARNING * * *
The orc wizard casts a spell at you.
You are confused.
It was a potion of degeneration.
There was something very wrong with that liquid.
You feel weakened.
You feel dopey.
You feel clumsy.
The orc wizard hits you with a +0 dagger.
* * * LOW HITPOINT WARNING * * *
You feel very mighty all of a sudden.
The orc wizard gestures at you while chanting.
The magic dart hits you.
You die...

, *## ,... ... ,
......######### *,,....
....##.......## .....
.....#........###o.....
, *
.............{†.......
*
#..(#......{####......
* ###...####.#.#{#@#
..... 8.....#
#.#..#o##, ....
..#..#####.#.#### ,,...
, #.#.#........# ,,..,
, #.###........# * #
#.# #........# 8.#
#####......., * .†#
...#.....,, #.#
**#.......... **


You could see an orc wizard (invisible).

Vanquished Creatures
  3 adders
  A worm (D:2)
  2 dart slugs
  An orc (D:3)
  8 endoplasms
  2 giant cockroaches
  5 goblins
  4 hobgoblins
  5 quokkas
  4 ball pythons
  4 bats
  6 frilled lizards
  5 kobolds
  6 rats
56 creatures vanquished.

Vanquished Creatures (others)
  32 plants (D:2)
32 creatures vanquished.

Grand Total: 88 creatures vanquished

Notes
Turn   | Place    | Note
-------+----------+-------------------------------------------
     0 | D:1      | Descartes the Formicid Fighter began the quest for the Orb.
     0 | D:1      | Reached XP level 1. HP: 18/18 MP: 1/1
   158 | D:1      | Reached XP level 2. HP: 24/24 MP: 2/2
   302 | D:1      | Found a faded altar of an unknown god.
   885 | D:2      | Found a snail-covered altar of Cheibriados.
   892 | D:2      | Reached XP level 3. HP: 8/29 MP: 3/3
  1360 | D:2      | Reached XP level 4. HP: 35/37 MP: 4/4
  1501 | D:2      | Reached skill level 1 in Earth Magic
  2416 | D:3      | Gained mutation: You are partially covered in iridescent
                  | scales. (AC +2) [potion of mutation]
  2416 | D:3      | Gained mutation: You passively map a small area around you.
                  | [potion of mutation]
  2425 | D:3      | Killed from afar by an orc wizard

Illustrated notes

Levels and vault maps discovered:
D:1:      dpeg_arrival_arbitrary_b, layout_loops_cross,
          shapermc_ecumenical_altar_starsandcircs
D:2:      layout_loops_ring, serial_bayou, serial_bayou_lagoon_a,
          serial_bayou_pond_e, serial_bayou_ford_a, serial_bayou_shore_b,
          serial_bayou_pond_c, serial_bayou_crossing, basic_altar,
          chequers_garden, st_stairs_11
D:3:      wad_river_or_something, layout_rooms, serial_shops,
          nicolae_lakefront_shop, dreamdust_princess_bridge

Skill      XL: |  1  2  3  4 |
---------------+-------------+-----
Earth Magic    | 1 |  1.3
Fighting       | |  3.9
Axes           | |  2.7
Armour         | |  3.9
Shields        | |  4.7

Action                   |  1- 3 |  4- 6 || total
-------------------------+-------+-------++-------
Melee: War axe           |   102 |    79 ||   181
 Abil: Dig               |       |     1 ||     1
  Use: Potion            |       |     4 ||     4
Armor: Scale mail        |    47 |    27 ||    74
Dodge: Dodged            |    46 |    40 ||    86
Block: Buckler           |    20 |    16 ||    36
